 Dungeon Crawl Stone Soup version 0.31.0-11-ge490571c62 (webtiles) character file.

Game seed: 5657443997048423349

460569 Asparus the Metamorph (level 24, -3/312 HPs)
             Began as an Octopode Conjurer on Jan 25, 2024.
             Was the Champion of Cheibriados.
             Killed from afar by a frost giant (6 damage)
             ... with a bolt of cold
             ... summoned by a glowing orange brain
             ... summoned by an orange crystal statue
             ... on level 1 of the Depths on Jan 28, 2024.
             The game lasted 04:42:14 (75872 turns).

Asparus the Metamorph (Octopode Conjurer)          Turns: 75872, Time: 04:42:14

Health: -3/312     AC: 34    Str: 29    XL:     24   Next: 15%
Magic:  0/61       EV: 22    Int: 44    God:    Cheibriados [******]
Gold:   4316       SH:  5    Dex: 26    Spells: 12/55 levels left

rFire   + . .        g - staff of Peace {rC+ Will+ Int-5 Ice Alchemy}
rCold   + + .        (no shield)
rNeg    + + .        (helmet restricted)
rPois   ∞            b - amulet of Ithrif {Reflect Int+3 SH+5}
rElec   +            d - ring of Generosity {rF+ rN+ Str+6}
rCorr   +            i - ring of magical power
SInv    +            U - ring of protection from cold
Will    +++..        a - +5 ring of evasion Stlth
                     h - ring of see invisible
HPRegen 0.72/turn    w - ring "Wasigoas" {MP+9 Str+2}
MPRegen 0.37/turn    p - ring "Bariklum" {AC+4 Slay+5}
                     y - ring of resist corrosion

%: reflection
@: berserking (expiring), statue-form, studying 2 skills, very slow
A: slow and powerful, torment resistance 1, boosted hp, almost no armour,
amphibious, 8 rings, camouflage 1, (gelatinous body 1), (nimble swimmer 1),
tentacles, tentacle spike 1, strong-willed 1, electricity resistance, subdued
magic 1
}: 3/15 runes: barnacled, slimy, gossamer
a: Begin Untransformation, Renounce Religion, Bend Time, Temporal Distortion,
Slouch, Step From Time


You were on level 1 of the Depths.
You worshipped Cheibriados.
Cheibriados was exalted by your worship.
You were a living statue of rough stone.
You visited 11 branches of the dungeon, and saw 46 of its levels.
You visited the Abyss 1 time.
You also visited: Bailey.

You collected 6756 gold pieces.
You spent 2440 gold pieces at shops.

Inventory:

Hand Weapons
 L - the +9 flail "Raalio" {flame, rPois rC+ rN++ SInv}
   (You took it off a deep elf knight on level 1 of the Elven Halls)

   rC+:       It protects you from cold.
   rPois:     It protects you from poison rN++: It greatly protects you from
   negative energy.
   SInv:      It lets you see invisible.
Missiles
 o - 12 throwing nets
 S - 4 curare-tipped darts
Magical Staves
 g - the staff of Peace (weapon) {rC+ Will+ Int-5 Ice Alchemy}
   (You found it on level 3 of the Vaults)

   [staff of cold]

   Base accuracy: +5 Base damage: 5 Base attack delay: 1.2 This weapon's minimum
   attack delay (0.6) is reached at skill level 12.
   Int-5:     It affects your intelligence (-5).
   rC+:       It protects you from cold.
   Will+:     It increases your willpower.
   Ice:       It increases the power of your Ice spells.
   Alchemy:   It increases the power of your Alchemy spells.
   It falls into the 'Staves' category.
   It is a one-tentacled weapon.
Jewellery
 a - a +5 ring of evasion (on tentacle)
 b - the amulet of Ithrif (around mantle) {Reflect Int+3 SH+5}
   (You found it on level 1 of the Crypt)

   [amulet of reflection]

   Reflect:   It reflects blocked missile attacks.
   Int+3:     It affects your intelligence (+3).
   SH+5:      It affects your SH (+5).
 d - the ring of Generosity (left tentacle) {rF+ rN+ Str+6}
   (You acquired it on level 2 of the Dungeon)

   [ring of strength]

   Str+6:     It affects your strength (+6).
   rF+:       It protects you from fire.
   rN+:       It protects you from negative energy.
 h - a ring of see invisible (on tentacle)
 i - a ring of magical power (right tentacle)
 p - the ring "Bariklum" (on tentacle) {AC+4 Slay+5}
   (You took it off a merfolk siren on level 4 of the Shoals)

   [ring of protection]

   AC+4:      It affects your AC (+4).
   Slay+5:    It affects your accuracy & damage with ranged weapons and melee
   (+5).
 w - the ring "Wasigoas" (on tentacle) {MP+9 Str+2}
   (You took it off a gnoll bouda in a bailey)

   [ring of magical power]

   Str+2:     It affects your strength (+2).
   MP+9:      It affects your magic capacity (+9).
 y - a ring of resist corrosion (on tentacle)
 Q - a ring of protection from fire
 U - a ring of protection from cold (on tentacle)
Talismans
 e - a storm talisman
 V - the serpent talisman of Polish {Fly}
   (You took it off Aizul on level 2 of the Elven Halls)

   [serpent talisman]

   Fly:       It grants you flight.
 X - a granite talisman (active)
Wands
 f - a wand of polymorph (31)
 q - a wand of charming (1)
 u - a wand of quicksilver (7)
 x - a wand of digging (17)
 G - a wand of iceblast (9)
 O - a wand of mindburst (25)
 P - a wand of flame (91)
Scrolls
 m - 8 scrolls of noise
 t - 2 scrolls of revelation
 C - 3 scrolls of enchant armour
 D - 6 scrolls of amnesia
 E - 3 scrolls of butterflies
 H - 4 scrolls of fear
 N - 7 scrolls of immolation
 R - 10 scrolls of poison
 W - 6 scrolls of fog
 Z - 4 scrolls of silence
Potions
 c - 3 potions of mutation
 j - a potion of berserk rage
 k - 2 potions of invisibility
 l - 5 potions of resistance
 r - 10 potions of curing
 s - 7 potions of might
 z - 6 potions of attraction
 B - 5 potions of ambrosia
 I - 3 potions of lignification
 J - 14 potions of brilliance
 T - 2 potions of enlightenment
Miscellaneous
 M - a phantom mirror


   Skills:
 - Level 12.0 Fighting
 - Level 4.0 Maces & Flails
 - Level 6.0 Dodging
 - Level 8.0 Stealth
 - Level 10.0 Unarmed Combat
 - Level 16.0 Spellcasting
 - Level 16.0 Conjurations
 - Level 4.0 Hexes
 - Level 18.0 Fire Magic
 - Level 6.0 Ice Magic
 - Level 6.0 Air Magic
 + Level 15.9 Earth Magic
 + Level 8.0 Alchemy
 + Level 19.1 Shapeshifting


You had 12 spell levels left.
You knew the following spells:

 Your Spells              Type           Power      Damage    Failure   Level
a - Magic Dart            Conj           100%       1d8       0%          1
b - Searing Ray           Conj           100%       2d8       0%          2
c - Freezing Cloud        Conj/Ice/Air   47%        6-21      1%          5
d - Irradiate             Conj/Alch      52%        3d29      1%          5
e - Ignition              Fire           49%        3d14      2%          8
f - Starburst             Conj/Fire      48%        6d13      1%          6
g - Lee's Rapid Deconstr  Erth           47%        3d22*     0%          5
h - Bombard               Conj/Erth      47%        9d8       1%          6
i - Yara's Violent Unrav  Hex/Alch       40%        3d16      1%          5

Your spell library contained the following spells:

 Spells                   Type           Power      Damage    Failure   Level
 Sting                    Conj/Alch      100%       1d9       0%          1
 Static Discharge         Conj/Air       100%       3-8/arc   0%          2
 Inner Flame              Hex/Fire       79%        N/A       0%          3
 Passwall                 Erth           94%        N/A       0%          3
 Ignite Poison            Fire/Alch      100%       N/A       0%          4
 Sticky Flame             Fire/Alch      100%       2d15      0%          4
 Apportation              Tloc           54%        N/A       1%          1
 Necrotise                Necr           100%       1d9       1%          1
 Blink                    Tloc           54%        N/A       1%          2
 Cigotuvi's Dreadful Rot  Necr/Alch/Air  100%       N/A       1%          2
 Ensorcelled Hibernation  Hex/Ice        100%       N/A       1%          2
 Jinxbite                 Hex            100%       N/A       1%          2
 Lesser Beckoning         Tloc           54%        N/A       1%          2
 Mercury Vapours          Alch/Air       100%       N/A       1%          2
 Momentum Strike          Conj/Tloc      100%       3d10      1%          2
 Dazzling Flash           Conj/Hex       100%       N/A       1%          3
 Gell's Gravitas          Tloc           27%        N/A       1%          3
 Mephitic Cloud           Conj/Alch/Air  97%        N/A       1%          3
 Swiftness                Air            61%        N/A       1%          3
 Teleport Other           Tloc           27%        N/A       1%          3
 Volatile Blastmotes      Fire/Tloc      100%       2d18      1%          3
 Airstrike                Air            30%        2d(5-21)  1%          4
 Fulminant Prism          Conj/Alch      52%        3d22      1%          4
 Iskenderun's Mystic Bla  Conj/Tloc      69%        2d14      1%          4
 Leda's Liquefaction      Alch/Erth      52%        N/A       1%          4
 Olgreb's Toxic Radiance  Alch           89%        N/A       1%          4
 Summon Blazeheart Golem  Fire/Summ      73%        N/A       1%          4
 Summon Lightning Spire   Summ/Air       47%        N/A       1%          4
 Alistair's Intoxication  Alch           59%        N/A       1%          5
 Borgnjor's Vile Clutch   Necr/Erth      34%        N/A       1%          5
 Silence                  Hex/Air        28%        N/A       1%          5
 Orb of Destruction       Conj           47%        9d12      1%          7
 Eringya's Noxious Bog    Alch           44%        4d6       3%          6
 Animate Dead             Necr           27%        N/A       5%          4
 Dispel Undead            Necr           27%        3d13      5%          4
 Manifold Assault         Tloc           27%        N/A       5%          4
 Martyr's Knell           Necr/Summ      27%        N/A       5%          4
 Curse of Agony           Necr           27%        N/A       17%         5
 Summon Forest            Summ/Tloc      13%        N/A       17%         5
 Spellforged Servitor     Conj/Summ      34%        N/A       19%         7
 Death Channel            Necr           13%        N/A       69%         6
 Dispersal                Tloc           13%        N/A       69%         6
 Enfeeble                 Hex            26%        N/A       71%         7
 Maxwell's Capacitive Co  Air            30%        ∞         98%         8
 Summon Hydra             Summ           13%        N/A       99%         7
 Disjunction              Tloc           13%        N/A       100%        8
 Animate Armour           Summ/Erth      Unusable   N/A       N/A         4

Dungeon Overview and Level Annotations

Branches:
Dungeon (15/15)            Temple (1/1) D:6            Lair (5/5) D:9
 Shoals (4/4) Lair:2       Spider (4/4) Lair:3        Slime (5/5) Lair:4
    Orc (2/2) D:12            Elf (3/3) Orc:2        Vaults (5/5) D:13
  Crypt (1/3) Vaults:3     Depths (1/4) D:15         Bailey (visited)

Altars:
Ashenzari
Cheibriados
Dithmenos
Elyvilon
Fedhas
Gozag
Hepliaklqana
Kikubaaqudgha
Makhleb
Nemelex Xobeh
Okawaru
Qazlal
Ru
Sif Muna
Trog
Uskayaw
Vehumet
Wu Jian
Xom
Yredelemnul
Zin
The Shining One
Jiyva
Lugonu

Shops:
D:5 ?   D:9 *   D:11 :   Orc:2 ?=(!?[(*   Elf:1 [   Shoals:3 *

Portals:
Hell: Depths:1
Abyss: D:11
Trove: Vaults:1 (show abyssal rune of Zot)

Annotations:
Elf:1 2 transporters, seandewar5's ghost, adept DrCj
Elf:2 3 runed translucent doors
Depths:1 exclusion: orange crystal statue


Innate Abilities, Weirdness & Mutations

You are a living statue of rough stone.
Your actions are slow, but your melee attacks are powerful.
You are resistant to unholy torment.
Your maximum health is greatly increased.
You cannot wear most types of armour.
You are amphibious.
You can wear up to eight rings at the same time.
You are immune to poison.
Your skin changes colour to match your surroundings (Stealth+).
((Your rubbery body absorbs attacks. (AC +1, EV +1)))
((You are camouflaged when in or above water. (Stealth+)))
You have tentacles for arms and can constrict up to eight enemies at once.
One of your tentacles bears a spike.
You are strong-willed. (Will+)
You are resistant to electric shocks. (rElec)
Your spells are a little easier to cast, but a little less powerful.


Message History

The bolt of cold hits you!! You resist.
* * * LOW HITPOINT WARNING * * *
You hit the frost giant!
You pierce the frost giant!!
You squeeze the frost giant.
You kill the frost giant!
Cheibriados appreciates the change of pace.
The frost giant gestures at you while chanting.
The bolt of cold misses you.
The glowing orange brain pulsates.
You resist with almost no effort.
You block the red very ugly thing's attack.
You hit the red very ugly thing.
The red very ugly thing is lightly wounded.
The glowing orange brain pulsates.
Something gnaws heavily on your mind!
* * * LOW HITPOINT WARNING * * *
You feel your power leaking away.
The glowing orange brain pulsates.
The red very ugly thing completely misses you.
You closely miss the red very ugly thing.
The red very ugly thing is lightly wounded.
The red very ugly thing headbutts you but does no damage.
The glowing orange brain pulsates.
Something gnaws heavily on your mind!
* * * LOW HITPOINT WARNING * * *
You feel your power leaking away.
The glowing orange brain pulsates.
You resist with almost no effort.
The red very ugly thing completely misses you.
You hit the red very ugly thing.
You pierce the red very ugly thing!
The red very ugly thing is moderately wounded.
The glowing orange brain pulsates.
Something gnaws heavily on your mind!
* * * LOW HITPOINT WARNING * * *
The glowing orange brain pulsates ominously.
The red very ugly thing basks in the mutagenic energy from its kin and changes!
The frost giant points at you and mumbles some strange words.
The bolt of cold hits the white very ugly thing!
The white very ugly thing resists.
The bolt of cold hits you. You resist.
You die...

....[..?...............
.......).....u.........
..........i..........[.
.........C.....C.u.....
#.........G..iG.......
###########+##.C......
##### #.##...h....
......###C##G)..PPP.
#..8uuCDu...PPP.
##.#####Gu§♣♣♣P. #.
#.P♣ . #. #.P♣ #. #.P♣
#. #.PP .. #.... ..
####+


You could see a frost giant (summoned), 2 very ugly things, a fire dragon
(summoned), a stone giant (summoned), 2 ugly things and 2 glowing orange brains.

Vanquished Creatures
  Dissolution (Slime:5)
  the Royal Jelly (Slime:5)
  Sojobo (Depths:1)
  Bai Suzhen (Spider:4)
  A golden dragon (Vaults:5)
  Jory (Vaults:4)
  Arachne (Spider:4)
  A lich (Depths:1)
  2 deep elf master archers (Elf:3)
  2 deep elf blademasters (Elf:3)
  Asterion (Spider:3)
  6 sphinxes
  2 titans
  18 acid blobs
  4 tengu reavers
  Agnes (Spider:4)
  2 ancient champions
  Polyphemus (Shoals:2)
  Aizul (Elf:2)
  A storm dragon (Vaults:5)
  11 azure jellies
  10 rockslimes
  9 deep elf sorcerers
  2 emperor scorpions
  3 frost giants (Depths:1)
  2 fire giants
  14 vault wardens
  3 orc warlords (Orc:2)
  The ghost of Amaterasu the Warrior, a journeyman DjCj of Makhleb (Orc:2)
  A curse skull (Crypt:1)
  8 deep elf elementalists
  5 ghouls (Crypt:1)
  2 ghost moths (Spider:4)
  6 very ugly things
  Louise (Elf:3)
  12 ironbound preservers
  12 quicksilver oozes
  3 stone giants
  3 broodmothers (Spider:2)
  4 formless jellyfish
  6 deep elf demonologists
  2 vampire knights (Crypt:1)
  7 ironbound thunderhulks
  8 deep elf death magi
  3 spark wasps
  13 deep elf annihilators
  10 dire elephants
  2 starcursed masses (Abyss:3)
  Azrael (D:12)
  A crystal guardian (Vaults:1)
  An eidolon (Crypt:1)
  5 merfolk impalers
  5 merfolk javelineers (Shoals:4)
  6 ettins
  A fire dragon (Depths:1)
  8 great orbs of eyes
  3 entropy weavers
  3 jiangshi (Crypt:1)
  8 yaktaur captains
  3 deep elf high priests (Elf:3)
  A fenstrider witch zombie (Crypt:1)
  A catoblepas (Shoals:2)
  30 vault guards
  4 hydras
  A spriggan air mage (Depths:1)
  14 centaur warriors
  2 ice dragons (Depths:1)
  6 jorogumos
  3 alligator snapping turtles
  A peacekeeper (Vaults:1)
  11 ironbound frosthearts
  5 merfolk avatars
  3 boulder beetles
  2 radroaches (Spider:3)
  3 death knights (Crypt:1)
  10 dancing weapons
  2 ogre magi (Orc:2)
  2 merfolk aquamancers (Shoals:4)
  9 death yaks
  6 demonic crawlers
  10 two-headed ogres
  A sphinx skeleton (Vaults:3)
  3 satyrs (Shoals:2)
  7 death scarabs (Spider:4)
  4 tengu warriors
  An occultist (Depths:1)
  3 thrashing horrors (Abyss:3)
  2 wretched stars (Abyss:3)
  A spectral emperor scorpion (Spider:4)
  Nergalle (D:12)
  17 skeletal warriors
  Sonja (D:12)
  15 deep elf knights
  A sixfirhy (Abyss:3)
  5 pharaoh ants
  A skyshark (shapeshifter) (Vaults:5)
  A storm dragon skeleton (Vaults:3)
  A titan skeleton (Vaults:3)
  11 sea snakes
  3 skysharks
  14 orb spiders
  A golden dragon skeleton (Vaults:4)
  3 flayed ghosts
  46 deep trolls
  7 arcanists
  13 ironbound convokers
  2 broodmother zombies
  4 glowing orange brains
  3 necromancers
  11 lindwurms
  4 phantasmal warriors
  3 spectral wolf spiders (Spider:4)
  12 deep elf archers
  15 harpies
  A bog body (Crypt:1)
  12 steelbarb worms
  27 deep elf pyromancers
  2 orc knights (Orc:1)
  2 wolf spider zombies (Spider:4)
  A fire giant zombie (Vaults:2)
  19 wolf spiders
  5 cyclopes
  An alligator skeleton (Crypt:1)
  36 ugly things
  25 deep elf zephyrmancers
  4 orc sorcerers
  6 shining eyes
  3 elf skeletons
  6 meliai
  A frost giant skeleton (Vaults:3)
  18 fauns
  11 elephants
  8 manticores
  6 moths of wrath
  4 black mambas
  A black mamba (shapeshifter) (Elf:2)
  A water nymph (shapeshifter) (Vaults:5)
  9 merfolk sirens
  5 human skeletons
  2 smoke demons (Abyss:3)
  4 torpor snails
  14 vault sentinels
  A gargoyle (D:11)
  5 large abominations (Abyss:3)
  3 eyes of devastation
  2 unseen horrors
  10 water nymphs
  9 cane toads
  9 freezing wraiths
  4 spectral redbacks (Spider:4)
  A cane toad (shapeshifter) (Abyss:3)
  8 rime drakes
  A redback zombie (Spider:4)
  22 yaktaurs
  6 komodo dragons
  4 kobold demonologists
  A komodo dragon (shapeshifter) (Vaults:1)
  A yaktaur skeleton (Vaults:3)
  A tengu conjurer (D:13)
  3 efreet
  A queen bee (Spider:1)
  20 merfolk
  18 trolls
  6 polar bears
  11 hornets
  9 wind drakes
  21 tarantellas
  A glass eye (Slime:5)
  10 blink frogs
  A spectral culicivora (Spider:4)
  4 raiju (Abyss:3)
  An ettin zombie (Vaults:2)
  4 spectral jumping spiders (Spider:4)
  A jumping spider zombie (Spider:4)
  A raiju (shapeshifter) (D:15)
  A dream sheep (Lair:5)
  25 jumping spiders
  A stone giant simulacrum (Vaults:4)
  A harpy skeleton (Crypt:1)
  A jumping spider (shapeshifter) (D:13)
  9 snapping turtles
  58 slime creatures
  A shadow (D:10)
  29 culicivoras
  A vampire (D:12)
  11 air elementals
  7 wyverns
  12 spriggans (Lair:5)
  20 water elementals
  8 basilisks
  5 wraiths
  A spectral kobold (Orc:2)
  68 yaks
  Eustachio (D:4)
  3 fire elementals
  6 golden eyes
  Grum (Bailey)
  4 vampire mosquitoes
  2 neqoxecs (Abyss:3)
  8 wargs
  2 steam dragons
  A chaos spawn (Abyss:3)
  46 redbacks
  3 small abominations (Abyss:3)
  Edmund (D:4)
  2 ogre skeletons (Vaults:3)
  15 water moccasins
  6 hell hounds (D:12)
  24 orc warriors
  A deep troll skeleton (Crypt:1)
  10 black bears
  A sky beast (D:7)
  7 ice beasts
  An ice beast (shapeshifter) (D:15)
  2 human zombies (Vaults:4)
  9 laughing skulls (Crypt:1)
  35 wolves
  21 ogres
  8 boggarts
  A phantom (D:4)
  12 centaurs
  A yaktaur zombie (Crypt:1)
  A brain worm (Abyss:3)
  8 gnoll sergeants
  A brain worm (shapeshifter) (D:13)
  A kobold brigand (D:11)
  15 bullfrogs
  3 earth elementals
  2 scorpions (D:6)
  A wyvern skeleton (Crypt:1)
  2 spectral ogres (Orc:2)
  21 killer bees
  3 howler monkeys (D:10)
  4 bombardier beetles
  7 electric eels
  A quasit (D:4)
  A human simulacrum (Vaults:2)
  7 jellies
  5 gnoll boudas (Bailey)
  20 orc priests
  A bullfrog skeleton (Crypt:1)
  5 hounds
  An iron imp (Abyss:3)
  A sleepcap (D:6)
  4 iguanas
  A spectral orc (Orc:2)
  Terence (D:3)
  A boggart zombie (Crypt:1)
  35 orc wizards
  A troll simulacrum (Orc:2)
  A deep dwarf zombie (Crypt:1)
  28 gnolls
  An ogre simulacrum (Orc:2)
  7 adders
  A steam dragon skeleton (Crypt:1)
  3 shadow imps
  4 white imps
  2 ufetubi (D:7)
  An orc simulacrum (Orc:2)
  3 dart slugs
  88 orcs
  11 endoplasms
  5 giant cockroaches
  12 goblins
  6 hobgoblins
  10 jackals
  5 kobolds
  A quokka (D:1)
  5 ball pythons
  6 bats
  3 frilled lizards
  8 rats
  2 butterflies (Lair:2)
1894 creatures vanquished.

Vanquished Creatures (others)
  A merfolk aquamancer (Shoals:4)
  A deep elf knight (Elf:1)
  A deep elf pyromancer (Elf:1)
3 creatures vanquished.

Grand Total: 1897 creatures vanquished

Notes
Turn   | Place    | Note
-------+----------+-------------------------------------------
     0 | D:1      | Asparus the Octopode Conjurer began the quest for the Orb.
     0 | D:1      | Reached XP level 1. HP: 11/11 MP: 3/3
   195 | D:1      | Reached XP level 2. HP: 9/18 MP: 1/5
   432 | D:1      | Reached XP level 3. HP: 12/22 MP: 1/6
   440 | D:1      | Reached skill level 1 in Fighting
   444 | D:1      | Learned a level 2 spell: Searing Ray
   662 | D:1      | Found a faded altar of an unknown god.
   781 | D:2      | Identified a scroll of acquirement
   781 | D:2      | Acquired the ring of Generosity {rF+ rN+ Str+6}
  1682 | D:3      | Reached XP level 4. HP: 28/28 MP: 7/7
  1709 | D:3      | Noticed Terence
  1730 | D:3      | Killed Terence
  1895 | D:3      | Reached XP level 5. HP: 34/34 MP: 8/9
  2342 | D:4      | Noticed Edmund
  2510 | D:4      | Reached XP level 6. HP: 35/39 MP: 10/10
  2656 | D:4      | Noticed Eustachio
  2668 | D:4      | Killed Eustachio
  2669 | D:4      | Reached skill level 5 in Stealth
  2840 | D:4      | Reached skill level 5 in Conjurations
  2840 | D:4      | Reached XP level 7. HP: 42/45 MP: 11/12
  3033 | D:4      | Found a blossoming altar of Fedhas.
  3205 | D:4      | Found a bloodstained altar of Trog.
  3244 | D:4      | Learned a level 5 spell: Freezing Cloud
  3282 | D:4      | Killed Edmund
  3698 | D:5      | Entered Level 5 of the Dungeon
  3725 | D:5      | Found Iqiyzer's Magic Scroll Shoppe.
  3807 | D:5      | Bought a scroll of blinking for 97 gold pieces
  3807 | D:5      | Bought a scroll of identify for 26 gold pieces
  3827 | D:5      | Found a transporter.
  3836 | D:5      | Reached skill level 1 in Ice Magic
  3836 | D:5      | Reached skill level 1 in Air Magic
  3900 | D:5      | Found a shimmering altar of Xom.
  4001 | D:5      | Reached XP level 8. HP: 52/52 MP: 13/13
  4484 | D:5      | Found a transporter.
  4745 | D:5      | Found a glowing silver altar of Zin.
  4913 | D:6      | Found a staircase to the Ecumenical Temple.
  4939 | Temple   | Entered the Ecumenical Temple
  4958 | Temple   | Became a worshipper of Cheibriados the Contemplative
  5390 | D:6      | Reached XP level 9. HP: 59/59 MP: 16/16
  5497 | D:6      | Reached skill level 5 in Spellcasting
  5562 | D:6      | Reached * piety under Cheibriados
  6192 | D:7      | Noticed a hornet
  6208 | D:7      | Killed a hornet
  6209 | D:7      | Reached skill level 5 in Fighting
  6416 | D:7      | Found a flagged portal.
  6425 | Bailey   | Entered a bailey
  6491 | Bailey   | Learned a level 5 spell: Irradiate
  6522 | Bailey   | Reached ** piety under Cheibriados
  6848 | Bailey   | Noticed Grum
  6866 | Bailey   | Killed Grum
  6867 | Bailey   | Reached skill level 1 in Alchemy
  6952 | Bailey   | Identified the +6 quarterstaff "Q" {flame, rC- Str+3 Dex+4}
  7431 | Bailey   | Reached XP level 10. HP: 68/68 MP: 18/18
  7741 | Bailey   | Identified the ring "Wasigoas" {MP+9 Str+2}
  7784 | Bailey   | Reached skill level 5 in Ice Magic
  7784 | Bailey   | Reached skill level 5 in Air Magic
  8055 | D:7      | Found an iron altar of Okawaru.
  8142 | D:7      | Reached *** piety under Cheibriados
  8244 | D:7      | Identified the +11 mace of Demand {freeze, Str+3}
  8950 | D:8      | Reached skill level 1 in Maces & Flails
  9571 | D:8      | Reached **** piety under Cheibriados
  9612 | D:8      | Found a basalt altar of Yredelemnul.
  9956 | D:9      | Found Auruaf's Alliterative Armaments.
  9969 | D:9      | Found a white marble altar of Elyvilon.
 10153 | D:9      | Found a staircase to the Lair.
 10423 | D:9      | Paralysed by a hornet for 1 turns
 10425 | D:9      | Reached skill level 5 in Alchemy
 10495 | D:9      | Reached XP level 11. HP: 72/72 MP: 20/20
 10714 | D:9      | Reached skill level 1 in Shapeshifting
 10805 | D:9      | HP: 3/72 [troll (14)]
 11450 | D:10     | Entered Level 10 of the Dungeon
 11463 | D:10     | Found a sparkling altar of Nemelex Xobeh.
 11931 | D:10     | Reached skill level 2 in Shapeshifting
 11935 | D:10     | HP: 3/72 [cloud of freezing vapour (26)]
 12169 | D:10     | Reached ***** piety under Cheibriados
 12372 | D:10     | Reached skill level 3 in Shapeshifting
 12777 | Lair:1   | Entered Level 1 of the Lair of Beasts
 13482 | Lair:1   | Reached skill level 4 in Shapeshifting
 13796 | Lair:1   | Reached XP level 12. HP: 79/79 MP: 19/23
 13859 | Lair:1   | Reached skill level 5 in Shapeshifting
 14383 | Lair:2   | Reached skill level 10 in Conjurations
 14560 | Lair:2   | Found a dark tunnel.
 14761 | Lair:2   | Found a staircase to the Shoals.
 14995 | Lair:2   | Reached skill level 6 in Shapeshifting
 15186 | Lair:2   | Learned a level 8 spell: Ignition
 15285 | Lair:2   | Reached skill level 1 in Fire Magic
 15606 | Lair:2   | You fall into a shaft and drop 1 floor!
 15966 | Lair:3   | Reached ****** piety under Cheibriados
 16390 | Lair:3   | Reached XP level 13. HP: 77/83 MP: 26/26
 16391 | Lair:3   | Reached skill level 7 in Shapeshifting
 16509 | Lair:3   | Found a hole to the Spider Nest.
 16619 | Lair:3   | Identified the ring of Geneurgh {AC+4 Int-4 Dex+5}
 17383 | Lair:4   | Reached skill level 10 in Spellcasting
 17383 | Lair:4   | Reached skill level 5 in Fire Magic
 17633 | Lair:4   | Reached skill level 8 in Shapeshifting
 17744 | Lair:4   | Found a staircase to the Slime Pits.
 17745 | Lair:4   | Found a viscous altar of Jiyva.
 18834 | Lair:5   | Entered Level 5 of the Lair of Beasts
 18916 | Lair:5   | Learned a level 6 spell: Starburst
 19018 | Lair:5   | Found a frozen archway.
 19038 | Lair:5   | Reached skill level 9 in Shapeshifting
 19435 | Lair:5   | Reached XP level 14. HP: 90/90 MP: 28/28
 19698 | Lair:5   | Identified the +6 falchion of Uluoch {freeze, Str+3}
 19972 | Lair:5   | Reached skill level 10 in Shapeshifting
 21412 | D:11     | Identified the +1 dagger "Osoj" {distort, rN++ Str+4
                  | Stlth-}
 21413 | D:11     | Found a one-way gate to the infinite horrors of the Abyss.
 22333 | D:11     | Found Mamuqaca's Book Shop.
 22346 | D:11     | Found a large runed translucent door.
 22347 | D:11     | Found a large runed translucent door.
 22349 | D:11     | Found a corrupted altar of Lugonu.
 23410 | D:12     | Learned a level 5 spell: Lee's Rapid Deconstruction
 23423 | D:12     | Noticed Azrael
 23430 | D:12     | Killed Azrael
 23431 | D:12     | Reached skill level 1 in Earth Magic
 23963 | D:12     | Found a staircase to the Orcish Mines.
 24285 | D:12     | Noticed Nergalle
 24292 | D:12     | Killed Nergalle
 24474 | D:12     | Noticed Sonja
 24478 | D:12     | Killed Sonja
 24479 | D:12     | Reached XP level 15. HP: 84/94 MP: 29/29
 25333 | Orc:1    | Entered Level 1 of the Orcish Mines
 25605 | Orc:2    | Entered Level 2 of the Orcish Mines
 25720 | Orc:1    | Noticed an orc warlord
 25856 | Orc:2    | Found a runed translucent gate.
 25856 | Orc:2    | Found a runed translucent gate.
 25856 | Orc:2    | Found a runed translucent gate.
 25948 | Orc:2    | Noticed Amaterasu's ghost (journeyman DjCj)
 25960 | Orc:2    | Found Ribusaf's Jewellery Boutique.
 26016 | Orc:2    | Noticed an orc warlord
 26025 | Orc:2    | Reached skill level 11 in Shapeshifting
 26029 | Orc:2    | Killed an orc warlord
 26030 | Orc:2    | Reached skill level 10 in Fire Magic
 26262 | Orc:2    | Found Pelyro's Magic Scroll Shop.
 26347 | Orc:2    | Bought a scroll of blinking for 112 gold pieces
 26347 | Orc:2    | Bought a scroll of blinking for 112 gold pieces
 26347 | Orc:2    | Bought a scroll of blinking for 112 gold pieces
 26347 | Orc:2    | Bought a scroll of teleportation for 45 gold pieces
 26347 | Orc:2    | Bought a scroll of teleportation for 45 gold pieces
 26673 | Orc:1    | Noticed an orc warlord
 26731 | Orc:2    | Found Wediaffe's Distillery.
 26758 | Orc:2    | Bought a potion of heal wounds for 80 gold pieces
 26758 | Orc:2    | Bought a potion of curing for 48 gold pieces
 26758 | Orc:2    | Bought a potion of heal wounds for 80 gold pieces
 26818 | Orc:2    | Found a staircase to the Elven Halls.
 27592 | Orc:2    | Found Luyd's Armour Emporium.
 27599 | Orc:2    | Found Wiydatso's Assorted Antiques.
 27608 | Orc:2    | Bought a blue potion for 25 gold pieces
 27624 | Orc:2    | Found Ciededad's Antique Weapon Emporium.
 27626 | Orc:2    | Found Xuixyc's Weapon Boutique.
 27634 | Orc:2    | Found Jaefot's Magic Scroll Shoppe.
 27687 | Orc:2    | Bought a scroll of identify for 30 gold pieces
 27687 | Orc:2    | Bought a scroll of blinking for 112 gold pieces
 28914 | D:13     | Found a gate to the Vaults.
 29482 | D:13     | Reached skill level 5 in Earth Magic
 29781 | D:14     | Reached skill level 1 in Unarmed Combat
 30643 | D:15     | Entered Level 15 of the Dungeon
 30903 | D:15     | Identified the +8 war axe of Defence {protect, rPois rN+
                  | Dex+5}
 31091 | D:15     | Reached XP level 16. HP: 99/99 MP: 31/31
 31167 | D:15     | Found a glowing silver altar of Zin.
 31829 | D:15     | Found a staircase to the Depths.
 31973 | D:15     | Upgraded the game from 0.31.0-10-gcf4a605ca0 to
                  | 0.31.0-11-ge490571c62
 32198 | Shoals:1 | Entered Level 1 of the Shoals
 33359 | Shoals:1 | Reached skill level 12 in Shapeshifting
 34266 | Shoals:2 | Noticed Polyphemus
 34521 | Spider:1 | Entered Level 1 of the Spider Nest
 36248 | Spider:2 | Reached skill level 5 in Unarmed Combat
 36582 | Spider:2 | Reached XP level 17. HP: 96/105 MP: 33/33
 37729 | Spider:3 | Noticed Asterion
 37733 | Spider:3 | Killed Asterion
 39099 | Spider:4 | Entered Level 4 of the Spider Nest
 39101 | Spider:4 | Reached skill level 13 in Shapeshifting
 39346 | Spider:4 | Noticed Bai Suzhen
 39586 | Spider:4 | Identified the +8 long sword "Acism" {pain, rPois Dex+3
                  | Stlth-}
 39645 | Spider:4 | Reached skill level 15 in Conjurations
 39702 | Spider:4 | Killed Bai Suzhen
 40440 | Spider:4 | Noticed Arachne
 40451 | Spider:4 | Killed Arachne
 41335 | Spider:4 | Reached XP level 18. HP: 110/110 MP: 34/34
 41793 | Spider:4 | Noticed Agnes
 41799 | Spider:4 | Killed Agnes
 42774 | Spider:4 | Got a gossamer rune of Zot
 43293 | Orc:2    | Bought a potion of magic for 128 gold pieces
 43293 | Orc:2    | Bought a potion of magic for 128 gold pieces
 43328 | Orc:2    | Bought a scroll of fear for 60 gold pieces
 43385 | Orc:2    | Bought 3 scrolls of fear for 180 gold pieces
 43385 | Orc:2    | Bought a scroll of fog for 60 gold pieces
 43433 | Elf:1    | Entered Level 1 of the Elven Halls
 43440 | Elf:1    | Paralysed by an air elemental for 1 turns
 43443 | Elf:1    | Paralysed by an air elemental for 1 turns
 44471 | Vaults:1 | Entered Level 1 of the Vaults
 44689 | Abyss:3  | Cast into level 3 of the Abyss (a deep elf sorcerer)
 44741 | Abyss:3  | Reached skill level 10 in Earth Magic
 44948 | Abyss:3  | Noticed a bone dragon
 45300 | Vaults:1 | Escaped the Abyss
 45797 | Vaults:1 | Reached skill level 14 in Shapeshifting
 46034 | Vaults:1 | Found a portal to a secret trove of treasure.
 46172 | Vaults:1 | Paralysed by a formless jellyfish for 1 turns
 46878 | Vaults:1 | Reached XP level 19. HP: 116/116 MP: 35/35
 51468 | Vaults:3 | Identified the staff of Peace {rC+ Will+ Int-5 Ice Alchemy}
 51588 | Vaults:3 | Reached XP level 20. HP: 121/121 MP: 37/37
 51778 | Vaults:3 | Reached skill level 15 in Fire Magic
 52123 | Vaults:3 | Found a staircase to the Crypt.
 52395 | Vaults:3 | Reached skill level 15 in Shapeshifting
 52506 | Vaults:3 | Reached skill level 10 in Unarmed Combat
 53275 | Vaults:4 | Noticed Jory
 53296 | Vaults:4 | Killed Jory
 56468 | Shoals:2 | Reached skill level 16 in Shapeshifting
 56650 | Shoals:2 | Reached XP level 21. HP: 101/126 MP: 35/39
 57121 | Shoals:2 | Killed Polyphemus
 57466 | Shoals:2 | Reached skill level 15 in Spellcasting
 57879 | Shoals:3 | Found Voig's Overcharged Wands.
 58555 | Shoals:4 | Entered Level 4 of the Shoals
 59022 | Shoals:4 | Paralysed by an air elemental for 1 turns
 60662 | Shoals:4 | Paralysed by an air elemental for 1 turns
 60765 | Shoals:4 | HP: 3/151 [merfolk javelineer/silver javelin (12)]
 61887 | Shoals:4 | Identified the ring "Bariklum" {AC+4 Slay+5}
 61940 | Shoals:4 | Paralysed by an air elemental for 1 turns
 62421 | Shoals:4 | Got a barnacled rune of Zot
 63254 | Elf:1    | Identified the +9 flail "Raalio" {flame, rPois rC+ rN++
                  | SInv}
 63318 | Elf:1    | Found Niunod's Armour Shop.
 63375 | Elf:1    | Found a transporter.
 63382 | Elf:1    | Reached skill level 5 in Dodging
 63568 | Elf:1    | Found a transporter.
 63571 | Elf:1    | Noticed seandewar5's ghost (adept DrCj)
 63699 | Elf:1    | You fall into a shaft and drop 1 floor!
 64271 | Elf:2    | Identified the serpent talisman of Polish {Fly}
 64271 | Elf:2    | Noticed Aizul
 64277 | Elf:2    | Killed Aizul
 64371 | Elf:2    | Paralysed by an air elemental for 1 turns
 64404 | Elf:1    | Paralysed by an air elemental for 1 turns
 64649 | Elf:1    | Learned a level 6 spell: Bombard
 65024 | Elf:2    | Found a runed translucent gate.
 65025 | Elf:2    | Found a runed translucent gate.
 65025 | Elf:2    | Found a runed translucent gate.
 65545 | Crypt:1  | Entered Level 1 of the Crypt
 65840 | Crypt:1  | Reached XP level 22. HP: 132/132 MP: 41/41
 66526 | Crypt:1  | Identified the amulet of Ithrif {Reflect Int+3 SH+5}
 66563 | Crypt:1  | Reached skill level 17 in Shapeshifting
 67264 | Depths:1 | Entered Level 1 of the Depths
 67268 | Depths:1 | Noticed Sojobo
 67545 | Elf:3    | Entered Level 3 of the Elven Halls
 67822 | Elf:3    | Noticed Louise
 67833 | Elf:3    | Killed Louise
 68043 | Elf:3    | Paralysed by an air elemental for 1 turns
 69463 | Elf:3    | Identified the amulet of the Ladybird {rC+ Regen+}
 69992 | Elf:3    | Identified the +6 war axe of Due Proportion {heavy, rF+}
 70190 | Elf:3    | Identified the staff of the Healing Stork {SInv Stlth+
                  | Earth}
 70258 | Elf:3    | Identified the +1 dagger "Viatap" {flame, Will+ Int+2
                  | Dex+3}
 70782 | Vaults:5 | Entered Level 5 of the Vaults
 70784 | Vaults:5 | Reached skill level 18 in Shapeshifting
 70787 | Vaults:5 | Reached XP level 23. HP: 142/142 MP: 30/43
 70799 | Vaults:5 | Noticed a golden dragon
 70968 | Vaults:5 | Noticed a golden dragon
 70973 | Vaults:5 | Killed a golden dragon
 71141 | Vaults:5 | Identified the +0 lajatang of Judgement {heavy, *Corrode
                  | Fly Dex+3}
 71156 | Vaults:5 | Identified the +1 robe "Jalyxzac" {Fly Str+3}
 71163 | Vaults:5 | Noticed a dread lich
 71707 | Slime:1  | Entered Level 1 of the Pits of Slime
 71990 | Slime:2  | Reached skill level 10 in Fighting
 72189 | Slime:3  | Gained mutation: Your spells are a little easier to cast,
                  | but a little less powerful. [a shining eye]
 72540 | Slime:4  | Reached skill level 15 in Earth Magic
 72815 | Slime:4  | Gained mutation: You are occasionally teleported next to
                  | monsters. [a shining eye]
 72828 | Slime:4  | Gained mutation: You occasionally lose the ability to drink
                  | potions when taking damage. [a shining eye]
 72829 | Slime:4  | Gained mutation: Your spells are easier to cast, but less
                  | powerful. [a shining eye]
 73248 | Slime:4  | Lost mutation: You occasionally lose the ability to drink
                  | potions when taking damage. [potion of mutation]
 73248 | Slime:4  | Lost mutation: Your spells are easier to cast, but less
                  | powerful. [potion of mutation]
 73248 | Slime:4  | Lost mutation: You are occasionally teleported next to
                  | monsters. [potion of mutation]
 73248 | Slime:4  | Gained mutation: One of your tentacles bears a spike.
                  | [potion of mutation]
 73248 | Slime:4  | Gained mutation: You are resistant to electric shocks.
                  | (rElec) [potion of mutation]
 73248 | Slime:4  | Gained mutation: Your muscles are strong. (Str +4, Int/Dex
                  | -1) [potion of mutation]
 73281 | Slime:5  | Entered Level 5 of the Pits of Slime
 73430 | Slime:5  | Noticed Dissolution
 73437 | Slime:5  | Killed Dissolution
 73533 | Slime:4  | Learned a level 5 spell: Yara's Violent Unravelling
 73785 | Slime:5  | Reached skill level 1 in Hexes
 73816 | Slime:5  | Noticed the Royal Jelly
 73822 | Slime:5  | Killed the Royal Jelly
 74320 | Slime:5  | Gained mutation: You are vulnerable to cold. (rC-) [a
                  | shining eye]
 74462 | Slime:5  | Found the +2 Maxwell's thermic engine {flame, freeze, rev}
 74473 | Slime:5  | Lost mutation: You are vulnerable to cold. (rC-) [potion of
                  | mutation]
 74473 | Slime:5  | Lost mutation: One of your tentacles bears a spike. [potion
                  | of mutation]
 74473 | Slime:5  | Lost mutation: Your muscles are strong. (Str +4, Int/Dex
                  | -1) [potion of mutation]
 74473 | Slime:5  | Gained mutation: You are strong-willed. (Will+) [potion of
                  | mutation]
 74473 | Slime:5  | Gained mutation: One of your tentacles bears a spike.
                  | [potion of mutation]
 74477 | Slime:5  | Identified the +10 morningstar of Vyt Amiss {flame, rC+}
 74498 | Slime:5  | Got the Almanac of the Arcane
 74499 | Slime:5  | Identified the +10 dagger "Raqaunte" {flame, rN++ Dex+3}
 74516 | Slime:5  | Got a slimy rune of Zot
 74520 | Slime:5  | Identified the +0 chain mail of Puarchuit {+Inv}
 74522 | Slime:5  | Got the Elucidation of Saltpetre
 75174 | Orc:2    | Killed Amaterasu's ghost
 75175 | Orc:2    | Reached skill level 19 in Shapeshifting
 75248 | Orc:2    | Bought a storm talisman for 960 gold pieces
 75467 | Depths:1 | Killed Sojobo
 75470 | Depths:1 | Reached XP level 24. HP: 87/160 MP: 27/43
 75753 | Depths:1 | Found a gateway to Hell.
 75872 | Depths:1 | HP: 3/312 [glowing orange brain/psychic fangs[an orange
                  | crystal statue] (14)]
 75872 | Depths:1 | Killed from afar by a frost giant

Illustrated notes

Levels and vault maps discovered:
D:1:      sevenhm_arrival_forest_fort_small_3, layout_rooms,
          hellmonk_ecumenical_altar_leap_of_faith, hex_tiny
D:2:      layout_rooms
D:3:      layout_basic, chequers_serial_rivers_room_b, uniq_terence
D:4:      layout_loops_ring, mainiacjoe_overflow_cross_hatched, fedhas_altar_3,
          serial_demonic, serial_demonic_a, serial_demonic_f, serial_demonic_g,
          serial_demonic_b, minmay_statues_item, uniq_edmund, uniq_eustachio
D:5:      gammafunk_steamed_eel, layout_gridville, xom_teletrap_fun,
          mainiacjoe_overflow_alcove_2, serial_shops, shop_scrolls,
          minmay_a_box_with_orc_wizards_in_it
D:6:      layout_basic, minmay_temple_entry_water_ring
D:7:      layout_loops_ring, kennysheep_little_box, enter_bailey_5
D:8:      layout_loops_ring, lemuel_round_altar
D:9:      layout_irregular_city, elyvilon_altar_1, hellmonk_lair_entry_icy,
          monkooky_shop_alliterative
D:10:     layout_loops_ring, nemelex_spade_bored_becter, st_stairs_7,
          kennysheep_dice
D:11:     due_chaos_kobolds, layout_loops_ring, serial_shops, shop
D:12:     layout_basic, erik_orc_2, uniq_sonja, uniq_nergalle, uniq_azrael
D:13:     layout_irregular_city, david_vaults_4
D:14:     layout_cave_pods, nicolae_two_hexagons
D:15:     grunt_enter_depths_giant_problem, layout_long_grid, zin_academy
Temple:   nicolae_temple_superstar
Lair:1:   layout_long_grid, chequers_serial_rivers_large_a, beast_lair_carwin_5,
          serial_bayou_shore_b, infiniplex_staircase_pool
Lair:2:   beast_lair_carwin_large_2, layout_cave_pods,
          minmay_shoals_entry_lonely_mermaid, nicolae_volcano_entry_s_turn,
          lemuel_fruit_fields, lemuel_fruit_fields
Lair:3:   layout_roguey, spider_nest_entry_webs
Lair:4:   cheibrodos_lair_overgrown_chateau, layout_long_grid,
          nicolae_slime_entry_slimehenge, st_stairs_4, grunt_megastairs_1,
          serial_bayou_shore_b
Lair:5:   minmay_lair_end_enchanted_forest, layout_small_grid,
          portal_ice_cave_rime, minivault_24
Shoals:1: layout_shoals
Shoals:2: layout_shoals, uniq_polyphemus
Shoals:3: layout_shoals, nicolae_shop_overcharged_wands
Shoals:4: shoals_end_hellmonk_storm_palace [storm_palace_center_ruins,
          storm_palace_corner_pillars, storm_palace_corner_grid,
          storm_palace_corner_reverse_hut, storm_palace_corner_pillars]
Spider:1: layout_spider_delve, nicolae_looking_at_the_future
Spider:2: layout_spider_delve, nicolae_spider_checkerboard
Spider:3: layout_spider_delve, drop_trap, nicolae_spider_wall_of_niches,
          uniq_asterion
Spider:4: floodkiller_spider_rune_tomb, nicolae_spider_nook, uniq_agnes,
          uniq_arachne, uniq_bai_suzhen
Slime:1:  layout_caves
Slime:2:  layout_caves
Slime:3:  layout_caves
Slime:4:  layout_caves
Slime:5:  slime_pit_nicolae_royal_road_to_ruin, uniq_dissolution
Orc:1:    layout_caves
Orc:2:    st_orc_open, layout_diamond_mine, gammafunk_ghost_necromancy,
          serial_shops, nicolae_shop_behind_doors, nicolae_shop_hallway_plus,
          shop, nicolae_shop_rolled_up, nicolae_shop_pleasant_corner_grove
Elf:1:    nicolae_elf_arrival_aired_out, layout_loops_cross, serial_shops,
          nicolae_shop_crystal, gammafunk_ghost_berserking_beasts,
          nicolae_elf_blasts_and_bolts, st_stairs_3
Elf:2:    nicolae_elf_blades_crystal_corner, layout_gridlike,
          nicolae_concentric_dashed_squares_mild, uniq_aizul, uniq_donald
Elf:3:    minmay_elf_hall_four_x, layout_gridlike, grunt_megastairs_5,
          uniq_louise
Vaults:1: vaults_mumra_lcd, ontoclasm_vaults_eye, v_misc_2,
          vaults_room_semicircle, nicolae_vaults_little_ls, v_alt_pattern_2,
          nicolae_vaults_more_shelving_2, v_misc_29, vaults_room_glass_cross,
          nicolae_vaults_border_crossing, nicolae_vaults_circle_grid_a,
          layout_vaults_omnicross, enter_trove_0
Vaults:2: nicolae_vaults_double_plus_1, v_pattern_4, vaults_room_hallway,
          v_misc_30, layout_vaults_omnigrid
Vaults:3: ontoclasm_vaults_ligature, v_misc_25, v_misc_15,
          nicolae_vaults_steering_wheel, minmay_crypt_entry_skeletal_spiral,
          nicolae_vaults_octothorpe, nicolae_vaults_specimen_jars,
          hangedman_vaults_unwind, nicolae_vaults_trapezoid_lopsided_2,
          ontoclasm_vaults_shout, vaults_room_hallway, v_misc_26,
          ontoclasm_vaults_pinch, v_pattern_5,
          nicolae_vaults_door_testing_chamber, vaults_dpeg_hooks,
          nicolae_vaults_house_2, layout_vaults_omnibox
Vaults:4: v_misc_28, v_misc_26, vaults_room_pool, nicolae_vaults_rhombus_6,
          nicolae_vaults_little_squares_5, nicolae_vaults_diagonal_hallway_8,
          nicolae_vaults_diamond_2, hangedman_vaults_nails,
          nicolae_vaults_trapezoid_2, v_misc_10, vaults_dpeg_ring,
          nicolae_vaults_double_plus_1, nicolae_vaults_oval_intersection,
          layout_vaults_big_room, uniq_jory
Vaults:5
Crypt:1:  layout_gridlike, nicolae_crypt_little_mausoleum,
          grunt_crypt_arrival_split
Depths:1: layout_gridlike, serial_library_hellmonk_room_c, serial_shops, shop,
          hangedman_geh_valley, hangedman_abyss_or_decor_stabs, minivault_16,
          drop_trap, minmay_pinched_square, serial_bayou_shore_b,
          grunt_megastairs_4, uniq_nikola, uniq_sojobo

Skill      XL: |  1  2  3  4  5  6  7  8  9 10 11 12 13 14 15 16 17 18 19 20 21 22 23 24 |
---------------+-------------------------------------------------------------------------+-----
Stealth        | 3 4 5 6 8 |  8.0
Fighting       | 1 2 3 4 5 6 7 12 | 12.0
Dodging        | 3 4 6 |  6.0
Spellcasting   | 3 4 5 6 7 9 10 11 12 13 14 15 16 | 16.0
Conjurations   | 5 6 7 8 9 11 12 13 14 15 16 | 16.0
Ice Magic      | 1 3 4 6 |  6.0
Air Magic      | 1 3 4 6 |  6.0
Alchemy        | 2 5 6 7 8 |  8.0
Maces & Flails | 4 |  4.0
Shapeshifting  | 4 6 9 10 11 12 13 14 16 18 19 | 19.1
Fire Magic     | 3 7 9 10 12 13 14 16 17 18 | 18.0
Earth Magic    | 2 5 7 9 10 11 12 14 15 | 15.9
Unarmed Combat | 1 5 6 7 9 10 | 10.0
Hexes          | 3 4 |  4.0

Action                     |  1- 3 |  4- 6 |  7- 9 | 10-12 | 13-15 | 16-18 | 19-21 | 22-24 || total
---------------------------+-------+-------+-------+-------+-------+-------+-------+-------++-------
  Melee: Unarmed           |    20 |       |       |       |    49 |   565 |   503 |       ||  1137
         Constrict         |    14 |     3 |     5 |     3 |    33 |   135 |   147 |    25 ||   365
         Tentacles         |    12 |     3 |     6 |     8 |    78 |       |    37 |    79 ||   223
         Dagger            |    41 |    15 |    22 |       |       |       |       |       ||    78
         Mace              |       |       |       |    39 |   242 |       |       |       ||   281
         Punch             |       |       |       |       |     5 |       |    13 |    22 ||    40
         War axe           |       |       |       |       |       |       |     6 |       ||     6
         Staff             |       |       |       |       |       |       |    87 |   186 ||   273
         Kick              |       |       |       |       |       |       |       |    43 ||    43
   Cast: Magic Dart        |    42 |       |     6 |    14 |       |     1 |     1 |       ||    64
         Searing Ray       |       |    28 |    95 |   105 |     4 |       |       |       ||   232
         Irradiate         |       |       |       |    18 |    35 |    62 |    72 |    37 ||   224
         Freezing Cloud    |       |       |       |    61 |   259 |   250 |   242 |    95 ||   907
         Starburst         |       |       |       |       |    38 |    70 |    81 |    15 ||   204
         Lee's Rapid Decon |       |       |       |       |       |     3 |    13 |     8 ||    24
         Bombard           |       |       |       |       |       |       |     9 |   177 ||   186
         Ignition          |       |       |       |       |       |       |     3 |    40 ||    43
  Evoke: Wand              |       |       |       |       |       |    11 |       |       ||    11
         Phantom mirror    |       |       |       |       |       |       |     1 |       ||     1
    Use: Scroll            |     6 |     2 |     6 |    13 |     8 |    11 |    11 |    15 ||    72
         Potion            |       |     3 |     1 |     2 |     2 |     2 |    18 |    12 ||    40
   Stab: Sleeping          |     5 |     2 |     4 |     3 |     6 |     6 |     8 |     2 ||    36
         Distracted        |       |       |       |       |     2 |     1 |     1 |       ||     4
         Confused          |       |       |       |       |       |     4 |     5 |       ||     9
 Armour: Skin              |    26 |    23 |    69 |    91 |   197 |   632 |   671 |   562 ||  2271
  Dodge: Dodged            |    40 |    23 |   138 |   167 |   355 |   615 |   559 |   485 ||  2382
  Block: Other             |       |       |       |    41 |    76 |   148 |   142 |    94 ||   501
         Reflection        |       |       |       |     4 |    14 |    12 |    12 |    10 ||    52
   Form: Serpent           |       |       |       |       |     2 |       |       |       ||     2
                           |       |       |       |       |     1 |       |       |       ||     1
         Statue            |       |       |       |       |       |       |     1 |       ||     1
